 Dungeon Crawl Stone Soup version 0.25-a0-55-g0753fd1ad2 (webtiles) character file.

Game seed: 2572636142186412775, levelgen mode: deterministic

2871 Gargoyl the Ducker (level 9, -7/75 HPs)
             Began as a Purple Draconian Abyssal Knight on Oct 25, 2019.
             Was an Elder of Lugonu.
             Mangled by an orc warrior
             ... wielding a +0 trident
              (17 damage)
             ... in a bailey.
             The game lasted 00:13:28 (8941 turns).

Gargoyl the Ducker (DrAK)                           Turns: 8941, Time: 00:13:28

Health: -7/75      AC: 12    Str: 18    XL:     9   Next: 47%
Magic:  13/13      EV: 15    Int: 12    God:    Lugonu [****..]
Gold:   559        SH:  5    Dex: 11    Spells: 8/8 levels left

rFire    . . .     SeeInvis .   r - +0 broad axe (venom)
rCold    . . .     Gourm    .   (no shield)
rNeg     . . .     Faith    .   (armour unavailable)
rPois    .         Spirit   .   (helmet restricted)
rElec    +         Reflect  +   m - +2 cloak
rCorr    .         Harm     .   s - +0 pair of gloves
MR       +....                  n - +0 pair of boots
Stlth    ++........             k - +5 amulet of reflection
HPRegen  0.22/turn              j - ring of flight
MPRegen  0.13/turn              (no ring)

@: short of breath, lightly drained
A: breathe power, unfitting armour, blink, electricity resistance, cold-blooded,
AC +7
a: Breathe Dispelling Energy, Blink, Depart the Abyss, Bend Space, Banish,
Corrupt, Renounce Religion, Evoke Flight


You were in a bailey.
You worshipped Lugonu.
Lugonu was greatly pleased with you.
You were hungry.

You visited 1 branch of the dungeon, and saw 7 of its levels.
You visited the Abyss 1 time.
You also visited: Bailey.

You collected 559 gold pieces.

Inventory:

Hand Weapons
 a - a +3 hand axe
 r - a +0 broad axe of venom (weapon)
Missiles
 l - 6 boomerangs (quivered)
Armour
 m - a +2 cloak (worn)
 n - a +0 pair of boots (worn)
 s - a +0 pair of gloves (worn)
Jewellery
 c - an uncursed amulet of the acrobat
 j - a ring of flight (left hand)
 k - a +5 amulet of reflection (around neck)
Wands
 o - a wand of random effects (23)
Scrolls
 d - 2 scrolls of remove curse
 f - 3 scrolls of identify
 q - a scroll of fear
Potions
 e - 5 potions of curing
 g - 2 potions of heal wounds
 h - a potion of magic
 p - a potion of haste
Comestibles
 b - 9 rations
 i - a chunk of flesh


   Skills:
 + Level 5.9 Fighting
 + Level 7.5 Axes
 + Level 0.3(0.2) Throwing
 * Level 7.6 Dodging
 + Level 2.0 Stealth
 * Level 6.1 Invocations


You had 8 spell levels left.
You didn't know any spells.
Your spell library was empty.

Dungeon Overview and Level Annotations

Branches:
Dungeon (7/15)             Temple (0/1) D:4          Bailey (1/1)

Altars:
Cheibriados
Dithmenos
Elyvilon
Gozag
Kikubaaqudgha
Qazlal
Ru
Trog
Wu Jian
Xom
Yredelemnul
Zin

Annotations:
Abyss:1 Edmund


Innate Abilities, Weirdness & Mutations

You can breathe bolts of dispelling energy.
Your rich purple scales are hard. (AC +7)
You cannot fit into any form of body armour.
You are cold-blooded and may be slowed by cold attacks.
You can translocate small distances at will.
You are resistant to electric shocks. (rElec)


Message History

Lugonu accepts your kill.
Items here: ))) †† a +0 hand axe x3; an orc corpse x2
You have got your breath back.
Press: ? - help, Shift-Dir - straight line, f - orc warrior
Aim: an orc warrior, wielding a +0 glaive and wearing a +0 plate armour You breathe a bolt of dispelling energy.
The bolt of dispelling energy hits the orc warrior.
The orc warrior is lightly wounded.
The bolt of dispelling energy hits the orc warrior.
The orc warrior is lightly wounded.
You are feeling hungry.
Something hits you!!
The orc warrior hits you with a +0 glaive.
Something hits you!
* * * LOW HITPOINT WARNING * * *
The orc warrior hits you from afar with a +0 glaive.
* * * LOW HITPOINT WARNING * * *
Something hits you!
You die...

#######
##..∩..##
#.......#
#∩.....∩#
#@......#
#..)o...#
#..{o)..#
#..).)..#
#..o))..#
#..o....#
#...o...#
#.......#
##.....##


You could see 2 orc warriors and 3 orcs.

Vanquished Creatures
  Eustachio (D:4)
  3 ice beasts
  3 orc warriors
  A black bear (D:6)
  3 ogres
  4 centaurs
  2 phantoms
  A jelly (D:6)
  A howler monkey (D:6)
  A vampire bat (D:5)
  4 wights (D:6)
  A crimson imp (D:4)
  A quasit (D:5)
  3 hounds
  A centaur skeleton (D:4)
  An iguana (D:6)
  8 orc wizards
  A bullfrog skeleton (D:3)
  Crazy Yiuf (D:2)
  5 worker ants
  A howler monkey zombie (D:6)
  A worker ant zombie (D:5)
  Robin (D:4)
  9 adders
  An ooze (D:1)
  An adder skeleton (D:5)
  5 worms
  3 dart slugs
  7 leopard geckos
  33 orcs
  16 bats
  5 giant cockroaches
  21 goblins
  10 hobgoblins
  16 jackals
  6 kobolds
  A quokka (D:2)
  A frilled lizard (D:1)
  A leopard gecko zombie (D:5)
  A quokka skeleton (D:3)
  2 quokka zombies
  3 rats
191 creatures vanquished.

Vanquished Creatures (others)
  An ogre (D:6)
  3 centaurs (D:6)
  A howler monkey (D:6)
  A worker ant (D:6)
  An iguana (D:6)
  2 orcs (D:6)
9 creatures vanquished.

Grand Total: 200 creatures vanquished

Notes
Turn   | Place    | Note
-------+----------+-------------------------------------------
     0 | Abyss:1  | Gargoyl the Draconian Abyssal Knight began the quest for
                  | the Orb.
     0 | Abyss:1  | Reached XP level 1. HP: 19/19 MP: 2/2
    76 | Abyss:1  | Noticed a neqoxec
    79 | Abyss:1  | Gained mutation: Your body sometimes deteriorates upon
                  | taking damage. [a neqoxec]
    80 | Abyss:1  | Gained mutation: Scrolls take you a little longer to read.
                  | [a neqoxec]
    82 | Abyss:1  | Found a bloodstained altar of Trog.
    82 | Abyss:1  | Noticed an iron imp
    92 | D:1      | Escaped the Abyss
   204 | D:1      | Reached XP level 2. HP: 14/27 MP: 3/3
   432 | D:1      | Reached * piety under Lugonu
   740 | D:1      | Reached XP level 3. HP: 33/33 MP: 4/4
  1503 | D:2      | Reached XP level 4. HP: 40/40 MP: 5/5
  1802 | D:2      | Found a stormy altar of Qazlal.
  1919 | D:2      | Reached ** piety under Lugonu
  2022 | D:2      | Found an opulent altar of Gozag.
  2022 | D:2      | Found a bloodstained altar of Trog.
  2060 | D:2      | Found a runed translucent door.
  2061 | D:2      | Noticed Crazy Yiuf
  2312 | D:2      | Killed Crazy Yiuf
  2312 | D:2      | Reached XP level 5. HP: 26/46 MP: 0/7
  2541 | D:3      | Found a shadowy altar of Dithmenos.
  2557 | D:3      | Found an ancient bone altar of Kikubaaqudgha.
  2857 | D:3      | Found a basalt altar of Yredelemnul.
  3178 | D:3      | Found a snail-covered altar of Cheibriados.
  3406 | D:4      | Noticed an ogre
  3413 | D:4      | Killed an ogre
  3413 | D:4      | Reached XP level 6. HP: 17/53 MP: 8/8
  3733 | D:4      | Noticed Robin
  3746 | D:4      | Killed Robin
  3746 | D:4      | Reached *** piety under Lugonu
  3854 | D:4      | Noticed Eustachio
  3898 | D:4      | Killed Eustachio
  4009 | D:4      | Your scales start taking on a rich purple colour.
  4009 | D:4      | Reached XP level 7. HP: 54/60 MP: 9/9
  4156 | D:4      | Found a white marble altar of Elyvilon.
  4218 | D:4      | Reached skill level 5 in Dodging
  4623 | D:4      | Found a staircase to the Ecumenical Temple.
  4797 | D:5      | Entered Level 5 of the Dungeon
  4812 | D:5      | Found an ornate altar of the Wu Jian Council.
  4838 | D:5      | Reached skill level 1 in Stealth
  4844 | D:5      | Lost mutation: Your body sometimes deteriorates upon taking
                  | damage. [potion of mutation]
  4844 | D:5      | Lost mutation: Scrolls take you a little longer to read.
                  | [potion of mutation]
  4844 | D:5      | Gained mutation: You are resistant to electric shocks.
                  | (rElec) [potion of mutation]
  4844 | D:5      | Gained mutation: You can translocate small distances at
                  | will. [potion of mutation]
  5056 | D:5      | Reached skill level 5 in Axes
  5284 | D:5      | Reached skill level 5 in Fighting
  5284 | D:5      | Reached XP level 8. HP: 61/68 MP: 11/11
  5508 | D:5      | Found a glowing silver altar of Zin.
  5586 | D:5      | Reached **** piety under Lugonu
  6146 | D:6      | Reached skill level 5 in Invocations
  6508 | D:6      | Noticed Edmund
  6524 | D:6      | Banished Edmund
  6826 | D:6      | Found a sacrificial altar of Ru.
  6931 | D:6      | Found a shimmering altar of Xom.
  7229 | D:6      | Reached XP level 9. HP: 52/74 MP: 13/13
  8558 | D:7      | Found a flagged portal.
  8563 | Bailey   | Entered a bailey
  8941 | Bailey   | Mangled by an orc warrior

Levels and vault maps discovered:
D:1:      shiori_arrival_oz, layout_basic, minmay_bisected
D:2:      layout_loops_cross, grunt_qazlal_clouds,
          gammafunk_temple_overflow_elements, serial_glass, glass_columns_b,
          glass_columns_c, glass_columns_c, glass_columns_a,
          uniq_crazy_yiuf_cottage
D:3:      layout_basic, grunt_temple_overflow_open, overflow_temple_1_default,
          kennysheep_slug_shrine
D:4:      layout_loops_cross, temple_green, elyvilon_altar_3, uniq_robin,
          uniq_eustachio
D:5:      layout_loops_cross, first_ration, hangedman_feature_mirror,
          roderic_batcave
D:6:      layout_basic, basic_altar, hangedman_abyss_or_decor_passed,
          xom_confusion_cloud, uniq_edmund
D:7:      layout_rooms, nicolae_ossuary_entry_catacombs, enter_bailey_3
Bailey:   bailey_polearm_5, bailey

Table legend:
 A = Non-vault XP
 B = Vault XP
 C = Vault XP percentage of total XP
 D = Non-vault monster count
 E = Vault monster count
 F = Vault count percentage of total count
                 A         B        C        D         E       F
            +---------+---------+-------+---------+---------+-------
      Total |    3337 |     765 |  18.6 |     137 |      56 |  29.0
            +---------+---------+-------+---------+---------+-------
        D:1 |      43 |      10 |  18.9 |      19 |       6 |  24.0
        D:2 |     125 |      37 |  22.8 |      18 |       1 |   5.3
        D:3 |      98 |       4 |   3.9 |      24 |       1 |   4.0
        D:4 |     519 |     238 |  31.4 |      17 |      12 |  41.4
        D:5 |     794 |      75 |   8.6 |      21 |      12 |  36.4
        D:6 |    1674 |     218 |  11.5 |      34 |       2 |   5.6
        D:7 |      84 |       7 |   7.7 |       4 |       4 |  50.0
     Bailey |       0 |     176 | 100.0 |       0 |      18 | 100.0
            +---------+---------+-------+---------+---------+-------
